 Dungeon Crawl Stone Soup version 0.31.0-32-g396128a36d (webtiles) character file.

Game seed: 8067162435551150379

508 PaiMei the Purveyor of Pain (level 6, -5/47 HPs)
             Began as a Demonspawn Necromancer on Mar 28, 2024.
             Was an Initiate of Kikubaaqudgha.
             Slain by a black bear (11 damage)
             ... on level 5 of the Dungeon.
             The game lasted 00:06:02 (5403 turns).

PaiMei the Purveyor of Pain (DsNe)                  Turns: 5403, Time: 00:06:02

Health: -5/47      AC:  2    Str:  8    XL:     6   Next: 98%
Magic:  0/11       EV: 13    Int: 18    God:    Kikubaaqudgha [......]
Gold:   241        SH:  0    Dex: 13    Spells: 8/12 levels left

rFire   . . .        e - +0 short sword
rCold   . . .        (no shield)
rNeg    . . .        a - +0 robe
rPois   .            (helmet restricted)
rElec   .            (no cloak)
rCorr   .            (no gloves)
SInv    .            (no boots)
Will    .....        (no amulet)
Stlth   ++           (no ring)
HPRegen 0.27/turn    (no ring)
MPRegen 0.12/turn

%: no passive effects
@: no status effects
A: antennae 1, powered by death 1, weakness stinger 1
a: Renounce Religion


You were on level 5 of the Dungeon.
You worshipped Kikubaaqudgha.
Kikubaaqudgha was noncommittal.
You visited 2 branches of the dungeon, and saw 6 of its levels.

You collected 241 gold pieces.

Inventory:

Hand Weapons
 e - a +0 short sword (weapon)
Missiles
 o - 2 poisoned darts
Armour
 a - a +0 robe (worn)
Jewellery
 p - a ring of resist corrosion
Wands
 r - a wand of flame (24)
 v - a wand of iceblast (11)
Scrolls
 c - 5 scrolls of teleportation {unknown}
 d - 2 scrolls of enchant armour {unknown}
 g - 2 scrolls of fog {unknown}
 j - 2 scrolls of immolation {unknown}
 k - a scroll of poison {unknown}
 l - 2 scrolls of enchant weapon {unknown}
 m - a scroll of blinking {unknown}
 n - a scroll of identify {unknown}
 q - a scroll of fear {unknown}
Potions
 b - 2 potions of magic
 f - 2 potions of heal wounds {unknown}
 h - a potion of enlightenment {unknown}
 i - a potion of degeneration {unknown}
 s - a potion of might {unknown}
 t - a potion of haste {unknown}
 u - 2 potions of mutation {unknown}
 w - a potion of lignification {unknown}


   Skills:
 + Level 3.2 Fighting
 + Level 3.7 Dodging
 - Level 2.0 Stealth
 + Level 3.8 Spellcasting
 + Level 6.0 Necromancy


You had 8 spell levels left.
You knew the following spells:

 Your Spells              Type           Power      Damage    Failure   Level
a - Necrotise             Necr           100%       1d9       1%          1
b - Vampiric Draining     Necr           25%        2d7       3%          3

Your spell library contained the following spells:

 Spells                   Type           Power      Damage    Failure   Level
 Fugue of the Fallen      Necr           25%        N/A       3%          3
 Animate Dead             Necr           25%        N/A       13%         4
 Scorch                   Fire           6%         2d5       22%         2
 Curse of Agony           Necr           25%        N/A       34%         5
 Ozocubu's Armour         Ice            3%         N/A       41%         3
 Flame Wave               Conj/Fire      3%         2d5       83%         4
 Manifold Assault         Tloc           3%         N/A       83%         4
 Summon Cactus Giant      Summ           1%         N/A       100%        6


Dungeon Overview and Level Annotations

Branches:
Dungeon (5/15)             Temple (1/1) D:4

Altars:
Gozag
Kikubaaqudgha
Okawaru
Ru
Trog
Uskayaw
Wu Jian
Xom


Innate Abilities, Weirdness & Mutations

You have a pair of small antennae on your head.
You regenerate a little health from kills.
You have a small tail.


Message History

The black bear bites you.
* * * LOW HITPOINT WARNING * * *
The black bear claws you.
* * * LOW HITPOINT WARNING * * *
The black bear barely misses you.
Casting: Vampiric Draining (dangerous; 4% risk of failure)
Confirm with . or Enter, or press ? or * to list all spells.
Aiming: Vampiric Draining (dangerous; 4% risk of failure)
Press: ? - help, Shift-Dir - straight line, f/p - black bear
Aim: a black bear (heavily wounded, ally target)
You draw life force from the black bear!
You feel life coursing into your body.
Your iguana skeleton bites the iguana.
The black bear goes berserk!
Casting: Vampiric Draining (dangerous; 4% risk of failure)
Confirm with . or Enter, or press ? or * to list all spells.
You don't have enough magic to cast this spell.
Casting: Vampiric Draining (dangerous; 4% risk of failure)
Confirm with . or Enter, or press ? or * to list all spells.
You don't have enough magic to cast this spell.
Casting: Vampiric Draining (dangerous; 4% risk of failure)
Confirm with . or Enter, or press ? or * to list all spells.
You don't have enough magic to cast this spell.
Casting: Vampiric Draining (dangerous; 4% risk of failure)
Confirm with . or Enter, or press ? or * to list all spells.
You don't have enough magic to cast this spell.
You barely miss the black bear.
The black bear is almost dead.
The black bear bites you but does no damage.
The black bear claws you.
* * * LOW HITPOINT WARNING * * *
The black bear misses you.
Your iguana skeleton bites the iguana!
The iguana dies!
Kikubaaqudgha accepts your kill.
Your Necromancy skill increases to level 6!
You hit the black bear.
The black bear is almost dead.
The black bear closely misses you. x2; The black bear barely misses you.
The black bear bites you!
You die...
Kikubaaqudgha rasps: "You have failed me!
Welcome... death!"

############
#..........#
#..........# #
#..........# .#
#..........# ..#
#.......###### ...#
#.......#....###....#
#.......'.....@h.Z..+
##.......#....###....#
#....##+##....# ####
#....##.##....#####
#.>...#...........#
#...#.............#
#...###...........#
########...........#
#........#....#....#


You could see a black bear (berserk, ally target) and a friendly iguana
skeleton.

Vanquished Creatures
  A bullfrog (D:5)
  A howler monkey (D:4)
  A bombardier beetle (D:3)
  2 hounds
  An orc priest (D:3)
  An orc wizard (D:2)
  2 iguanas (D:5)
  A gnoll (D:1)
  5 adders
  A white imp (D:5)
  2 dart slugs
  2 ribbon worms
  3 orcs (D:3)
  4 ball pythons
  6 endoplasms
  2 giant cockroaches
  18 goblins
  14 hobgoblins
  3 jackals (D:3)
  4 kobolds
  4 quokkas
  8 bats
  7 frilled lizards
  2 rats
95 creatures vanquished.

Vanquished Creatures (collateral kills)
  An iguana (D:5)
  An adder (D:4)
2 creatures vanquished.

Grand Total: 97 creatures vanquished

Notes
Turn   | Place    | Note
-------+----------+-------------------------------------------
     0 | D:1      | PaiMei the Demonspawn Necromancer began the quest for the
                  | Orb.
     0 | D:1      | Reached XP level 1. HP: 13/13 MP: 3/3
   327 | D:1      | Discovered your monstrous ancestry.
   327 | D:1      | Gained mutation: You have a small tail. [demonic ancestry]
   327 | D:1      | Reached XP level 2. HP: 19/19 MP: 3/5
   990 | D:1      | Reached XP level 3. HP: 25/25 MP: 4/6
  1632 | D:2      | Reached skill level 1 in Fighting
  2235 | D:2      | Reached XP level 4. HP: 32/32 MP: 1/7
  2667 | D:3      | Reached skill level 5 in Necromancy
  2947 | D:2      | Gained mutation: You have a pair of small antennae on your
                  | head. [demonic ancestry]
  2947 | D:2      | Reached XP level 5. HP: 19/38 MP: 6/9
  2951 | D:2      | Learned a level 3 spell: Vampiric Draining
  4262 | D:4      | Found a staircase to the Ecumenical Temple.
  4272 | Temple   | Entered the Ecumenical Temple
  4283 | Temple   | Became a worshipper of Kikubaaqudgha
  4461 | D:4      | Gained mutation: You regenerate a little health from kills.
                  | [demonic ancestry]
  4461 | D:4      | Reached XP level 6. HP: 36/46 MP: 6/11
  4506 | D:4      | Found a shimmering altar of Xom.
  4553 | D:4      | Found an iron altar of Okawaru.
  4718 | D:4      | Found an ornate altar of the Wu Jian Council.
  4777 | D:5      | Entered Level 5 of the Dungeon
  5211 | D:5      | Identified the +1 chain mail "Qusowne" {Harm Regen+ Int-2
                  | Stlth+}
  5400 | D:5      | HP: 2/47 [black bear (4)]
  5403 | D:5      | Reached skill level 6 in Necromancy
  5403 | D:5      | Slain by a black bear

Illustrated notes

Levels and vault maps discovered:
D:1:      doesnt_arrival_eight_statues, layout_loops_corners
D:2:      layout_basic
D:3:      cheibrodos_greedy_goblins, layout_basic, grunt_ministairs_10
D:4:      layout_loops_ring, overflow_temple_1_default,
          mainiacjoe_overflow_tiny_flanked, mainiacjoe_overflow_24_doors,
          minmay_temple_entry_grid, minmay_misc_feat_x,
          nicolae_shop_firing_range
D:5:      layout_basic, cheibrodos_worm_habitat, uniq_eustachio
Temple:   hellmonk_temple_flake

Skill      XL: |  1  2  3  4  5  6 |
---------------+-------------------+-----
Stealth        | 2 |  2.0
Dodging        | 2 3 |  3.7
Fighting       | 1 2 3 |  3.2
Necromancy     | 5 6 |  6.0
Spellcasting   | 3 |  3.8

Action                     |  1- 3 |  4- 6 || total
---------------------------+-------+-------++-------
  Melee: Unarmed           |     3 |       ||     3
         Short sword       |     1 |    72 ||    73
         Tailslap          |     1 |    11 ||    12
         Punch             |       |     1 ||     1
   Cast: Necrotise         |    76 |    95 ||   171
         Vampiric Draining |       |     8 ||     8
 Armour: Robe              |    35 |    70 ||   105
  Dodge: Dodged            |    33 |    64 ||    97
